SAA
GLENDALE HERONS @ MYRTLE BEACH MERMEN
08/17/2031
 
TOP OF THE 1ST
Glendale Herons batting - Pitching for Myrtle Beach Mermen : RHP Chad Li
Pitching: RHP Chad Li
Batting: RHB Francisco Guerra 0-0: Ball
1-0: Called Strike
1-1: Ball
2-1: Foul Ball, location: 2F
2-2: Ball
3-2: Strikes out looking
Batting: RHB Jeff Hunter 0-0: Swinging Strike
0-1: Fly out, F4 (Line Drive, 4)
Batting: LHB Su-wu Xiao 0-0: Called Strike
0-1: Ball
1-1: Ball
2-1: Fly out, F9 (Flyball, 9)
Top of the 1st over - 0 runs, 0 hits, 0 errors, 0 left on base; Glendale 0 - Myrtle Beach 0
BOTTOM OF THE 1ST
Myrtle Beach Mermen batting - Pitching for Glendale Herons : RHP Kagetoki Matsubara
Pitching: RHP Kagetoki Matsubara
Batting: LHB Félix Castellanos 0-0: Ground out 4-3 (Groundball, 4M)
Batting: LHB Roberto Vázquez 0-0: Swinging Strike
0-1: Ball
1-1: Swinging Strike
1-2: Strikes out swinging
Batting: LHB Raymond Dudzinski 0-0: Foul Ball, location: 2F
0-1: Called Strike
0-2: Ball
1-2: Strikes out swinging
Bottom of the 1st over - 0 runs, 0 hits, 0 errors, 0 left on base; Glendale 0 - Myrtle Beach 0
TOP OF THE 2ND
Glendale Herons batting - Pitching for Myrtle Beach Mermen : RHP Chad Li
Batting: LHB Jin-song Seah 0-0: Fly out, F5 (Popup, 5F)
Batting: RHB Mario van Heijbeeck 0-0: Called Strike
0-1: Ground out 6-3 (Groundball, 6)
Batting: RHB Shihei Kichikawa 0-0: Called Strike
0-1: Fly out, F8 (Flyball, 8RS)
Top of the 2nd over - 0 runs, 0 hits, 0 errors, 0 left on base; Glendale 0 - Myrtle Beach 0
BOTTOM OF THE 2ND
Myrtle Beach Mermen batting - Pitching for Glendale Herons : RHP Kagetoki Matsubara
Batting: RHB Tumas Wenzu 0-0: Called Strike
0-1: Ball
1-1: Foul Ball, location: 2F
1-2: Strikes out swinging, 2-3 out at first.
Batting: RHB Armando Romero 0-0: SINGLE (Line Drive, 89M)
Batting: RHB Spartak Gonjarov 0-0: Called Strike
0-1: Fly out, F8 (Flyball, 8RD)
Batting: LHB Henry Madore 0-0: Ball
1-0: Foul Ball, location: 2F
1-1: Fly out, F7 (Flyball, 7S)
Bottom of the 2nd over - 0 runs, 1 hit, 0 errors, 1 left on base; Glendale 0 - Myrtle Beach 0
TOP OF THE 3RD
Glendale Herons batting - Pitching for Myrtle Beach Mermen : RHP Chad Li
Batting: SHB Tommy Dreamer 0-0: Called Strike
0-1: Ball
1-1: Ground out 4-3 (Groundball, 34)
Batting: RHB Hatui Haunani 0-0: Ball
1-0: Foul Ball, location: 2F
1-1: Ball
2-1: Swinging Strike
2-2: Strikes out swinging
Batting: SHB Jesús Herrera 0-0: Ground out 6-3 (Groundball, 6)
Top of the 3rd over - 0 runs, 0 hits, 0 errors, 0 left on base; Glendale 0 - Myrtle Beach 0
BOTTOM OF THE 3RD
Myrtle Beach Mermen batting - Pitching for Glendale Herons : RHP Kagetoki Matsubara
Batting: RHB Gomez Talone 0-0: SINGLE (Groundball, 6MD)
Batting: RHB Ronaldo Gentil 0-0: Ball
1-0: Fielders Choice at 2nd, 4-6 (Groundball, 34)
Batting: LHB Félix Castellanos 0-0: Ball
1-0: Ball
2-0: DOUBLE (Line Drive, 9LD)
Ronaldo Gentil to third
Runner from 3rd tries for Home, SAFE, no throw
Batting: LHB Roberto Vázquez 0-0: Ball
1-0: Ball
2-0: Ball
3-0: Base on Balls
Batting: LHB Raymond Dudzinski 0-0: Ball
1-0: Swinging Strike
1-1: Swinging Strike
1-2: Foul Ball, location: 2F
1-2: Grounds into double play, 4-6-3 (Groundball, 4)
Bottom of the 3rd over - 1 run, 2 hits, 0 errors, 1 left on base; Glendale 0 - Myrtle Beach 1
TOP OF THE 4TH
Glendale Herons batting - Pitching for Myrtle Beach Mermen : RHP Chad Li
Batting: RHB Francisco Guerra 0-0: Swinging Strike
0-1: Fly out, F9 (Flyball, 9)
Batting: RHB Jeff Hunter 0-0: Ball
1-0: Called Strike
1-1: Called Strike
1-2: Ball
2-2: DOUBLE (Line Drive, 78D)
Batting: LHB Su-wu Xiao 0-0: Ball
1-0: Ball
2-0: Called Strike
2-1: Ball
3-1: Base on Balls
Batting: LHB Jin-song Seah 0-0: Fly out, F9 (Flyball, 9D)
Runner from 2nd tags up, SAFE at 3rd, no throw
Batting: RHB Mario van Heijbeeck 0-0: Called Strike
0-1: Ball
1-1: Ball
2-1: Ball
3-1: Foul Ball, location: 2F
3-2: Strikes out looking
Top of the 4th over - 0 runs, 1 hit, 0 errors, 2 left on base; Glendale 0 - Myrtle Beach 1
BOTTOM OF THE 4TH
Myrtle Beach Mermen batting - Pitching for Glendale Herons : RHP Kagetoki Matsubara
Batting: RHB Tumas Wenzu 0-0: Called Strike
0-1: Called Strike
0-2: Ball
1-2: Foul Ball, location: 2F
1-2: DOUBLE (Flyball, 8RD)
Batting: RHB Armando Romero 0-0: Fly out, F7 (Flyball, 7LS)
Batting: RHB Spartak Gonjarov 0-0: Ball
1-0: Ball
2-0: Called Strike
2-1: Called Strike
2-2: Strikes out swinging
Batting: LHB Henry Madore 0-0: Ball
1-0: Fly out, F2 (Popup, 23F)
Bottom of the 4th over - 0 runs, 1 hit, 0 errors, 1 left on base; Glendale 0 - Myrtle Beach 1
TOP OF THE 5TH
Glendale Herons batting - Pitching for Myrtle Beach Mermen : RHP Chad Li
Batting: RHB Shihei Kichikawa 0-0: Ball
1-0: SINGLE (Line Drive, 56D)
Batting: SHB Tommy Dreamer 0-0: Sac Bunt - play at first, batter OUT! 1-4
Shihei Kichikawa to second
Batting: RHB Hatui Haunani 0-0: Ball
1-0: Called Strike
1-1: Called Strike
1-2: Ball
2-2: Strikes out swinging
Batting: SHB Jesús Herrera 0-0: Ball
1-0: Ball
2-0: Fly out, F6 (Line Drive, 6)
Top of the 5th over - 0 runs, 1 hit, 0 errors, 1 left on base; Glendale 0 - Myrtle Beach 1
BOTTOM OF THE 5TH
Myrtle Beach Mermen batting - Pitching for Glendale Herons : RHP Kagetoki Matsubara
Batting: RHB Gomez Talone 0-0: Ball
1-0: Fly out, F8 (Flyball, 8LM)
Batting: RHB Ronaldo Gentil 0-0: Ball
1-0: Ball
2-0: Ball
3-0: Swinging Strike
3-1: Swinging Strike
3-2: Foul Ball, location: 2F
3-2: Foul Ball, location: 2F
3-2: Strikes out looking
Batting: LHB Félix Castellanos 0-0: Swinging Strike
0-1: Ball
1-1: Called Strike
1-2: Ball
2-2: Strikes out swinging
Bottom of the 5th over - 0 runs, 0 hits, 0 errors, 0 left on base; Glendale 0 - Myrtle Beach 1
TOP OF THE 6TH
Glendale Herons batting - Pitching for Myrtle Beach Mermen : RHP Chad Li
Batting: RHB Francisco Guerra 0-0: Swinging Strike
0-1: Foul Ball, location: 2F
0-2: Foul Ball, location: 2F
0-2: Ball
1-2: Ball
2-2: Foul Ball, location: 2F
2-2: Strikes out swinging
Batting: RHB Jeff Hunter 0-0: Ball
1-0: Called Strike
1-1: Ball
2-1: Foul Ball, location: 2F
2-2: Ball
3-2: Fly out, F8 (Line Drive, 8RD)
Batting: LHB Su-wu Xiao 0-0: Called Strike
0-1: Fly out, F8 (Flyball, 8LD)
Top of the 6th over - 0 runs, 0 hits, 0 errors, 0 left on base; Glendale 0 - Myrtle Beach 1
BOTTOM OF THE 6TH
Myrtle Beach Mermen batting - Pitching for Glendale Herons : RHP Kagetoki Matsubara
Batting: LHB Roberto Vázquez 0-0: SINGLE (Groundball, 6MD)
Batting: LHB Raymond Dudzinski 0-0: Ball
1-0: SINGLE (Line Drive, 3D)
Roberto Vázquez to second
Batting: RHB Tumas Wenzu 0-0: SINGLE (Line Drive, 5D)
Roberto Vázquez to third
Raymond Dudzinski to second
Batting: RHB Armando Romero 0-0: Called Strike
0-1: Foul Ball, location: 2F
0-2: DOUBLE (Line Drive, 78D)
Roberto Vázquez scores
Raymond Dudzinski scores
Tumas Wenzu to third
Runner from 3rd tries for Home, throw and OUT!
Batting: RHB Spartak Gonjarov 0-0: Ball
1-0: Ball
2-0: Foul Ball, location: 2F
2-1: TRIPLE (Line Drive, 8LXD)
Armando Romero scores
Batting: LHB Henry Madore 0-0: Called Strike
0-1: Foul Ball, location: 2F
0-2: Ball
1-2: Fly out, F9 (Flyball, 89S)
Runner from 3rd tags up, SCORES, no throw
Pitching: RHP Jason Troughton
Batting: RHB Gomez Talone 0-0: Called Strike
0-1: Foul Ball, location: 2F
0-2: Ball
1-2: Ball
2-2: Ball
3-2: Strikes out swinging
Bottom of the 6th over - 4 runs, 5 hits, 0 errors, 0 left on base; Glendale 0 - Myrtle Beach 5
TOP OF THE 7TH
Glendale Herons batting - Pitching for Myrtle Beach Mermen : RHP Chad Li
Batting: LHB Jin-song Seah 0-0: Foul Ball, location: 2F
0-1: Fly out, F8 (Flyball, 8RD)
Batting: RHB Mario van Heijbeeck 0-0: Ball
1-0: Called Strike
1-1: SINGLE (Line Drive, 6M)
Batting: RHB Shihei Kichikawa 0-0: Ball
1-0: Ball
2-0: Foul Ball, location: 2F
2-1: Ball
3-1: Swinging Strike
3-2: SINGLE (Flyball, 8LS)
Mario van Heijbeeck to second
Batting: SHB Tommy Dreamer 0-0: Called Strike
0-1: Ball
1-1: Ball
2-1: Swinging Strike
2-2: Ball
3-2: Base on Balls
Mario van Heijbeeck to third
Shihei Kichikawa to second
Batting: RHB Hatui Haunani 0-0: Ball
1-0: Foul Ball, location: 2F
1-1: GRAND SLAM HOME RUN (Flyball, 78XD), Distance : 405 ft
Batting: SHB Jesús Herrera 0-0: Fly out, F9 (Line Drive, 9)
Batting: RHB Francisco Guerra 0-0: Called Strike
0-1: Fly out, F7 (Flyball, 78D)
Top of the 7th over - 4 runs, 3 hits, 0 errors, 0 left on base; Glendale 4 - Myrtle Beach 5
BOTTOM OF THE 7TH
Myrtle Beach Mermen batting - Pitching for Glendale Herons : RHP Jason Troughton
Batting: RHB Ronaldo Gentil 0-0: Swinging Strike
0-1: Fly out, F8 (Flyball, 8LM)
Batting: LHB Félix Castellanos 0-0: Foul Ball, location: 2F
0-1: Called Strike
0-2: Foul Ball, location: 2F
0-2: Strikes out swinging
Batting: LHB Roberto Vázquez 0-0: Called Strike
0-1: Fly out, F8 (Flyball, 89M)
Bottom of the 7th over - 0 runs, 0 hits, 0 errors, 0 left on base; Glendale 4 - Myrtle Beach 5
TOP OF THE 8TH
Glendale Herons batting - Pitching for Myrtle Beach Mermen : RHP Chad Li
Now at SS: David Meléndez
Batting: RHB Jeff Hunter 0-0: Called Strike
0-1: Foul Ball, location: 2F
0-2: Ground out 6-3 (Groundball, 56)
Batting: LHB Su-wu Xiao 0-0: Ball
1-0: Ball
2-0: Ball
3-0: Called Strike
3-1: Called Strike
3-2: SINGLE (Groundball, 34D)
Batting: LHB Jin-song Seah 0-0: Called Strike
0-1: Ball
1-1: Swinging Strike
1-2: SINGLE (Line Drive, 89S)
Su-wu Xiao to second
Pitching: RHP Hans Rager
Batting: RHB Mario van Heijbeeck 0-0: Called Strike
0-1: Called Strike
0-2: Ball
1-2: Ball
Passed Ball!
Su-wu Xiao to third
Jin-song Seah to second
2-2: Foul Ball, location: 2F
2-2: Ball
3-2: Strikes out swinging
Pinch Hitting: LHB Xu Cheng 0-0: Fly out, F9 (Flyball, 89M)
Top of the 8th over - 0 runs, 2 hits, 0 errors, 2 left on base; Glendale 4 - Myrtle Beach 5
BOTTOM OF THE 8TH
Myrtle Beach Mermen batting - Pitching for Glendale Herons : RHP Jason Troughton
Now in CF: Xu Cheng
Batting: LHB Raymond Dudzinski 0-0: Fly out, F8 (Flyball, 8LD)
Batting: RHB Tumas Wenzu 0-0: Ball
1-0: Ball
2-0: Foul Ball, location: 2F
2-1: Ground out 6-3 (Groundball, 6)
Batting: RHB Armando Romero 0-0: Ball
1-0: Ball
2-0: Ball
3-0: Called Strike
3-1: Called Strike
3-2: SINGLE (Groundball, 6MD)
Batting: RHB Spartak Gonjarov 0-0: Ball
1-0: Called Strike
1-1: Ball
2-1: Fly out, F9 (Flyball, 9S)
Bottom of the 8th over - 0 runs, 1 hit, 0 errors, 1 left on base; Glendale 4 - Myrtle Beach 5
TOP OF THE 9TH
Glendale Herons batting - Pitching for Myrtle Beach Mermen : RHP Hans Rager
Pitching: RHP Bob Christison
Batting: SHB Tommy Dreamer 0-0: Called Strike
0-1: Fly out, F9 (Flyball, 89D)
Pinch Hitting: RHB Michael Sweeney 0-0: Foul Ball, location: 2F
0-1: Ball
1-1: SINGLE (Groundball, 4MD)
Batting: SHB Jesús Herrera 0-0: Ball
1-0: Swinging Strike
1-1: Called Strike
1-2: Strikes out swinging
Batting: RHB Francisco Guerra 0-0: SINGLE (Line Drive, 7LS)
Michael Sweeney to second
Batting: RHB Jeff Hunter 0-0: Called Strike
0-1: Ball
1-1: SINGLE (Groundball, 4MS) (infield hit)
Michael Sweeney to third
Francisco Guerra to second
Batting: LHB Su-wu Xiao 0-0: Ball
1-0: Swinging Strike
1-1: Called Strike
1-2: Strikes out swinging
Top of the 9th over - 0 runs, 3 hits, 0 errors, 3 left on base; Glendale 4 - Myrtle Beach 5
Tuesday, June 12th, 2018 - OOTP Baseball 18.8 Build 76